 Dungeon Crawl Stone Soup version 0.29-a0-892-g2c4c91d9db (webtiles) character file.

Game seed: 11548864861813764180

2417 nucleargodhead the Cleaver (level 9, -5/133 HPs)
             Began as a Minotaur Berserker on July 23, 2022.
             Was a Priest of Trog.
             Slain by an ogre
             ... wielding a +0 giant club
              (21 damage)
             ... on level 7 of the Dungeon.
             The game lasted 00:08:36 (6139 turns).

nucleargodhead the Cleaver (Minotaur Berserker)     Turns: 6139, Time: 00:08:38

Health: -5/133     AC: 12    Str: 31    XL:     9   Next: 24%
Magic:  8/8        EV:  8    Int:  4    God:    Trog [***...]
Gold:   294        SH:  0    Dex: 11    Spells: 8/8 levels left

rFire   . . .      SeeInvis .   E - +0 war axe
rCold   . . .      Faith    .   (no shield)
rNeg    + . .      Spirit   .   m - +0 plate armour
rPois   .          Reflect  .   (helmet restricted)
rElec   .          Harm     .   y - scarf {+Inv}
rCorr   .          Rampage  .   (no gloves)
Will    ++...                   q - +0 pair of boots
Stlth   ..........              (no amulet)
HPRegen 1.32/turn               j - ring of positive energy
MPRegen 0.11/turn               k - +6 ring of strength

@: berserking, strong-willed, regenerating, very quick
A: horns 2, retaliatory headbutt
a: Renounce Religion, Evoke Invisibility, Berserk, Trog's Hand


You were on level 7 of the Dungeon.
You worshipped Trog.
Trog was most pleased with you.
You visited 1 branch of the dungeon, and saw 7 of its levels.

You collected 294 gold pieces.

Inventory:

Hand Weapons
 E - a +0 war axe (weapon)
Missiles
 I - a throwing net (quivered)
Armour
 h - a +0 chain mail
 i - a +0 cloak
 m - a +0 plate armour (worn)
 q - a +0 pair of boots (worn)
 y - a scarf of invisibility (worn)
Jewellery
 j - a ring of positive energy (left hand)
 k - a +6 ring of strength (right hand)
 v - a ring of protection from cold
 x - a ring of protection from fire
Wands
 F - a wand of charming (13)
Scrolls
 a - 2 scrolls of summoning {unknown}
 b - a scroll of torment {unknown}
 d - a scroll of fear {unknown}
 e - a scroll of enchant weapon {unknown}
 f - 2 scrolls of blinking {unknown}
 n - 3 scrolls of immolation {unknown}
 o - 6 scrolls of identify {unknown}
 r - 3 scrolls of poison {unknown}
 s - a scroll of teleportation {unknown}
 u - a scroll of noise {unknown}
 w - a scroll of vulnerability {unknown}
 A - 3 scrolls of amnesia {unknown}
 B - a scroll of silence {unknown}
 D - 2 scrolls of fog {unknown}
 G - a scroll of acquirement {unknown}
Potions
 c - 2 potions of haste {unknown}
 g - 3 potions of heal wounds
 l - 2 potions of cancellation
 p - 5 potions of curing {unknown}
 t - a potion of lignification {unknown}
 z - a potion of flight {unknown}
 C - a potion of attraction {unknown}
 H - a potion of degeneration {unknown}


   Skills:
 + Level 11.1 Fighting
 + Level 11.1 Axes
 - Level 2.4 Armour
 - Level 2.1 Dodging


You had 8 spell levels left.
You didn't know any spells.
Your spell library was empty.

Dungeon Overview and Level Annotations

Branches:
Dungeon (7/15)
 Temple: D:4-7

Altars:
Cheibriados
Fedhas
Gozag
Sif Muna

Shops:
D:3 [   D:5 [   D:6 (:[(


Innate Abilities, Weirdness & Mutations

You have a pair of horns on your head.
You reflexively headbutt those who attack you in melee.


Message History

The jelly quivers.
Found a scroll labelled XUUWIQAORA.
You feel sick.
An ogre comes into view. It is wielding a +0 giant club.
The ogre shouts!
You hit the jelly.
Your hands burn!
The jelly is moderately wounded.
You feel sick.
You are no longer poisoned.
The jelly hits you but does no damage.
You slash the jelly!
You kill the jelly!
Trog accepts your kill.
The orc warrior shouts!
You slash the ogre!
The ogre is heavily wounded.
You hear a shout!
The ogre barely misses you.
The orc warrior shoots a bolt.
The bolt hits you!
You hit the ogre but do no damage.
You headbutt the ogre, but do no damage.
The ogre is heavily wounded.
You closely miss the ice beast. The ice beast barely misses you.
You furiously retaliate!
You headbutt the ice beast.
The orc warrior shoots a bolt.
The bolt hits you!
The ogre hits you with a +0 giant club!!
* * * LOW HITPOINT WARNING * * *
You hear a shout!
Your skin crawls.
You feel strong-willed.
You hear a shout! x3
A gnoll bouda comes into view. It is wielding a +0 club.
The ice beast hits you but does no damage.
The orc warrior shoots a bolt.
The bolt hits you.
* * * LOW HITPOINT WARNING * * *
A red film seems to cover your vision as you go berserk!
You feel yourself moving faster!
You feel mighty! The ice beast hits you.
* * * LOW HITPOINT WARNING * * *
The ice beast freezes you!
* * * LOW HITPOINT WARNING * * *
The ogre hits you with a +0 giant club!!
You die...

#........#
#........#
#........#
#..<.....#
#........#
#......?.#
##...#####
######....#
#?.O@...###
#...#Y.####
......o##
....### ...
g. .
....... ##.
.....Y. ..


You could see an orc warrior, an ice beast, an ogre and a gnoll bouda.

Vanquished Creatures
  Pikel (D:6)
  Sigmund (D:4)
  3 water moccasins
  A black bear (D:6)
  2 ice beasts
  An ogre (D:6)
  A centaur (D:5)
  2 lemures (D:6)
  A gnoll sergeant (D:6)
  2 scorpions (D:5)
  2 necrophages (D:6)
  A howler monkey (D:6)
  2 jellies
  A hound (D:5)
  3 orc priests (D:6)
  Jessica (D:2)
  3 iguanas
  6 orc wizards
  7 adders
  8 gnolls
  A worm (D:3)
  4 dart slugs
  28 orcs
  9 endoplasms
  9 giant cockroaches
  8 goblins
  6 hobgoblins
  6 jackals
  3 quokkas
  5 ball pythons
  2 bats (D:3)
  A frilled lizard (D:2)
  5 kobolds
  4 rats
140 creatures vanquished.

Notes
Turn   | Place    | Note
-------+----------+-------------------------------------------
     0 | D:1      | nucleargodhead the Minotaur Berserker began the quest for
                  | the Orb.
     0 | D:1      | Reached XP level 1. HP: 19/19 MP: 0/0
   292 | D:1      | Reached XP level 2. HP: 27/27 MP: 1/1
   873 | D:2      | Noticed Jessica
   886 | D:2      | Killed Jessica
   887 | D:2      | Reached XP level 3. HP: 13/34 MP: 2/2
  1127 | D:2      | Reached ** piety under Trog
  1301 | D:2      | Found a faded altar of an unknown god.
  1399 | D:2      | Reached XP level 4. HP: 41/41 MP: 3/3
  1448 | D:2      | Reached skill level 5 in Axes
  1531 | D:2      | Reached skill level 5 in Fighting
  1879 | D:3      | Noticed an ice beast
  1886 | D:3      | Killed an ice beast
  1887 | D:3      | Reached XP level 5. HP: 50/50 MP: 4/4
  2224 | D:3      | Found a shimmering blue altar of Sif Muna.
  2422 | D:3      | Reached XP level 6. HP: 39/57 MP: 5/5
  2586 | D:3      | Found Fiosee's Antique Armour Shoppe.
  2833 | D:4      | Noticed Sigmund
  2842 | D:4      | Killed Sigmund
  2892 | D:4      | Found a snail-covered altar of Cheibriados.
  3001 | D:4      | Found a blossoming altar of Fedhas.
  3254 | D:4      | Noticed a water moccasin
  3268 | D:4      | Killed a water moccasin
  3269 | D:4      | Reached XP level 7. HP: 20/66 MP: 6/6
  3691 | D:4      | Identified the +1 robe of Rampisiv {-Cast Str+7 Stlth-}
  4005 | D:5      | Entered Level 5 of the Dungeon
  4722 | D:5      | Found an opulent altar of Gozag.
  4770 | D:5      | Found Wurutaj's Armour Emporium.
  4962 | D:6      | Reached *** piety under Trog
  5075 | D:6      | Reached XP level 8. HP: 75/75 MP: 7/7
  5103 | D:6      | Found Enoxue's Antique Weapon Boutique.
  5126 | D:6      | Found Sicvuops's Armour Shop.
  5356 | D:6      | Noticed Pikel
  5370 | D:6      | Killed Pikel
  5371 | D:6      | Reached skill level 10 in Fighting
  5371 | D:6      | Reached skill level 10 in Axes
  5383 | D:6      | Found Yqum's Antique Weapon Boutique.
  5483 | D:6      | Found Jevadin's Book Boutique.
  5554 | D:6      | Reached XP level 9. HP: 78/86 MP: 8/8
  6075 | D:7      | Noticed a two-headed ogre
  6139 | D:7      | Slain by an ogre

Illustrated notes

Levels and vault maps discovered:
D:1:      ncdulo_watergridlock, layout_basic, minmay_tall_x
D:2:      layout_basic, nicolae_ecumenical_pavilion, uniq_jessica
D:3:      layout_basic, led_sif_book, serial_shops, shop,
          guppyfry_early_orc_mine
D:4:      layout_basic, mainiacjoe_overflow_large_starburst, uniq_sigmund
D:5:      layout_basic, grunt_gozag_breadcrumbs, serial_shops,
          nicolae_shop_statue_plus, kennysheep_donut, kennysheep_cluttered_room,
          minmay_misc_feat_nine_boxes
D:6:      layout_loops_ring, serial_shops, shop, nicolae_shop_statue_plus, shop,
          shop, hangedman_decor_growths, uniq_pikel
D:7:      layout_rooms, okawaru_gym_becter, makhleb_blood_cavern_becter,
          temple_statues, st_stairs_4, uniq_crazy_yiuf_cottage

Skill      XL: |  1  2  3  4  5  6  7  8  9 |
---------------+----------------------------+-----
Fighting       | 4 5 6 7 8 10 11 | 11.1
Axes           | 4 5 6 7 8 10 11 | 11.1
Armour         | |  2.4
Dodging        | |  2.1

Action                   |  1- 3 |  4- 6 |  7- 9 || total
-------------------------+-------+-------+-------++-------
Melee: Hand axe          |    68 |   140 |    48 ||   256
       Headbutt          |     6 |    16 |    24 ||    46
       Punch             |       |     2 |     2 ||     4
       War axe           |       |       |    95 ||    95
Invok: Berserk           |     2 |     6 |     5 ||    13
       Trog's Hand       |       |     2 |     4 ||     6
  Use: Potion            |       |       |     2 ||     2
Armor: Chain mail        |    23 |       |       ||    23
       Animal skin       |     2 |       |       ||     2
       Plate armour      |     7 |    98 |    75 ||   180
Dodge: Dodged            |    35 |    48 |    45 ||   128

Table legend: (Time is in decaauts)
 A = Elapsed time spent in this place.
 B = Non-inter-level travel time spent in this place.
 C = Inter-level travel time spent in this place.
 D = Time resting spent in this place.
 E = Time spent auto-exploring this place.
 F = Levels seen in this place.
 G = Mean time per level.
                   A        B        C        D        E       F      G
               +--------+--------+--------+--------+--------+-----+--------+
         Total |   6235 |   6094 |    141 |    717 |   4444 |   7 |  890.7 |
       Dungeon |   6235 |   6094 |    141 |    717 |   4444 |   7 |  890.7 |
               +--------+--------+--------+--------+--------+-----+--------+

Top non-repeatable levels by time:
     D:4: 1213 daAuts
     D:6: 1188 daAuts
     D:2: 993 daAuts
     D:3: 984 daAuts
     D:5: 933 daAuts
     D:1: 888 daAuts
     D:7: 33 daAuts
